 Dungeon Crawl Stone Soup version 0.22.0-27-ga576289 (webtiles) character file.

24573 HallandMoats the Fighter (level 13, -11/72 HPs)
             Began as a Vine Stalker Fighter on Aug 22, 2018.
             Was an Elder of Qazlal.
             Killed from afar by a molten gargoyle (20 damage)
             ... with a bolt of magma
             ... in a volcano.
             The game lasted 00:22:57 (11320 turns).

HallandMoats the Fighter (Vine Stalker Fighter)    Turns: 11320, Time: 00:22:58

Health: -11/72     AC: 12    Str: 21    XL:     13   Next: 14%
Magic:  0/25       EV: 16    Int:  8    God:    Qazlal [****..]
Gold:   590        SH:  5    Dex: 17    Spells: 27/27 levels left

rFire    . . .     SeeInvis .   v - +7 Screaming Sword
rCold    . . .     Gourm    .   (no shield)
rNeg     . . .     Faith    .   N - +1 troll leather armour
rPois    +         Spirit   +   (no helmet)
rElec    .         Reflect  .   m - +2 cloak {rPois}
rCorr    .         Harm     .   l - +2 pair of gloves
MR       +....                  (no boots)
Stlth    +.........             K - amulet of magic regeneration
HPRegen  1.42/turn              J - ring of flight
MPRegen  0.44/turn              (no ring)

@: repel missiles
A: fangs 3, regeneration 2, magic shield, antimagic bite, no potion heal 3, rot
immunity
a: Upheaval, Elemental Force, Renounce Religion, Evoke Flight


You were in a volcano.
You worshipped Qazlal.
Qazlal was greatly pleased with you.
You were full.

You visited 3 branches of the dungeon, and saw 14 of its levels.
You also visited: Ossuary and Volcano.

You collected 590 gold pieces.

Inventory:

Hand Weapons
 e - a +2 short sword of venom
 r - a +2 hand axe of freezing
 v - the +7 Screaming Sword (weapon)
   (You found it on level 4 of the Dungeon)
 L - a +0 scimitar of flaming
Armour
 c - a +0 shield
 l - a +2 pair of gloves (worn)
 m - a +2 cloak of poison resistance (worn)
 o - a +0 plate armour
 I - a +1 cloak of invisibility
 N - a +1 troll leather armour (worn)
Jewellery
 n - an uncursed ring of fire {unknown}
 J - a ring of flight (left hand)
 K - an amulet of magic regeneration (around neck)
Wands
 g - a wand of paralysis (20)
 w - a wand of flame (61)
 y - a wand of enslavement (11)
Scrolls
 d - 3 scrolls of blinking
 h - 2 scrolls of identify
 p - 8 scrolls of remove curse
 t - 5 scrolls of teleportation
 C - 3 scrolls of magic mapping
 G - a scroll of silence
Potions
 a - 2 potions of might
 b - 6 potions of curing
 i - 2 potions of magic
 j - a potion of haste {unknown}
 k - 2 potions of brilliance {unknown}
 s - 3 potions of ambrosia {unknown}
 u - 4 potions of flight
 x - 3 potions of cancellation {unknown}
 z - 2 potions of mutation {unknown}
 A - a potion of invisibility {unknown}
 B - a potion of berserk rage {unknown}
 E - 5 potions of degeneration {unknown}
 H - 2 potions of heal wounds {unknown}
Miscellaneous
 M - a phial of floods
Comestibles
 f - 20 rations


   Skills:
 * Level 10.2 Fighting
 * Level 8.0 Long Blades
 - Level 6.1 Axes
 + Level 7.0 Armour
 + Level 6.2 Dodging
 - Level 2.6 Shields
 + Level 7.5 Spellcasting
 * Level 8.7 Invocations


You had 27 spell levels left.
You didn't know any spells.
Your spell library contained the following spells:

 Spells                   Type           Power        Failure   Level  Hunger
 Infusion                 Chrm           #...         24%         1    None
 Summon Small Mammal      Summ           #...         24%         1    None
 Call Imp                 Summ           #.......     34%         2    ##.....
 Shroud of Golubria       Chrm/Tloc      #.........   34%         2    ##.....
 Song of Slaying          Chrm           #.......     34%         2    ##.....
 Call Canine Familiar     Summ           #.......     56%         3    ###....
 Regeneration             Chrm/Necr      #.........   56%         3    ###....
 Spectral Weapon          Hex/Chrm       #.......     56%         3    ###....
 Summon Guardian Golem    Hex/Summ       #.......     56%         3    ###....
 Vampiric Draining        Necr           #.........   56%         3    ###....
 Summon Ice Beast         Ice/Summ       #.......     93%         4    ####...
 Summon Lightning Spire   Summ/Air       #.......     93%         4    ####...
 Agony                    Necr           #.......     100%        5    ######.
 Dispel Undead            Necr           #.......     100%        5    ######.
 Iskenderun's Battlesphe  Conj/Chrm      #.......     100%        5    ######.


Dungeon Overview and Level Annotations

Branches:
Dungeon (12/15)            Temple (1/1) D:5            Lair (1/6) D:10
    Orc (0/2) D:9

Altars:
Cheibriados
Dithmenos
Elyvilon
Fedhas
Gozag
Hepliaklqana
Kikubaaqudgha
Makhleb
Nemelex Xobeh
Okawaru
Qazlal
Ru
Sif Muna
Trog
Uskayaw
Vehumet
Wu Jian
Yredelemnul
Zin

Annotations:
D:10 1 transporter
Lair:1 Harold


Innate Abilities, Weirdness & Mutations

You have razor-sharp teeth.
You heal very quickly.
When hurt, damage is shared between your health and your magic reserves.
Your bite disrupts and absorbs the magic of your enemies.
Potions cannot restore your health.
You are immune to rotting.


Message History

The molten gargoyle is severely damaged.
The molten gargoyle blasts magma at you!
The bolt of magma hits you! The steam dragon breathes steam at you.
The ball of steam misses the steam dragon.
The ball of steam hits the molten gargoyle.
The molten gargoyle resists.
The ball of steam misses you.
You hit the molten gargoyle but do no damage.
The molten gargoyle is severely damaged.
The steam dragon breathes steam at you.
The ball of steam hits the steam dragon.
The steam dragon resists.
The ball of steam hits you!
* * * LOW HITPOINT WARNING * * *
The molten gargoyle hits you with a mace!
* * * LOW HITPOINT WARNING * * *
You are engulfed in flames!
* * * LOW HITPOINT WARNING * * *
The molten gargoyle blasts magma at you!
The bolt of magma hits you!
You die...

≈§≈.§....##
≈....#...#
...###8.8#
.. ##.## .
#.# ##'##
##...##
#§....#
#§.@§.#
#..§9.#
###9###
#.DD#
.......
###8_8###
#...# #####


You could see 2 molten gargoyles and 2 steam dragons.

Vanquished Creatures
  Snorg (D:12)
  The ghost of Hobbes the Destroyer, a journeyman DrFE of Vehumet (D:10)
  A hydra (Lair:1)
  A centaur warrior (D:7)
  A catoblepas (D:12)
  Erica (D:10)
  The ghost of Delanovic the Whirler, a journeyman HaHu of Okawaru (D:10)
  A two-headed ogre (D:11)
  A hell hog (Volcano)
  3 death yaks (D:10)
  2 unseen horrors (D:12)
  Pikel (D:4)
  2 manticores (D:12)
  3 ugly things
  Maurice (D:8)
  A cyclops (D:11)
  3 centaur skeletons
  Psyche (D:8)
  3 komodo dragons
  4 trolls
  Grinder (D:4)
  A hippogriff (Lair:1)
  A meliai zombie (D:12)
  A wyvern (D:12)
  11 fire bats (Volcano)
  A hungry ghost (D:8)
  A wraith (D:11)
  4 yaks (D:10)
  A vampire (D:11)
  3 steam dragons
  3 water moccasins (Lair:1)
  2 sky beasts
  2 ice beasts (D:12)
  2 orc warriors
  A black bear (D:8)
  An eye of draining (D:7)
  7 ogres
  8 centaurs
  3 crocodiles (Lair:1)
  A big kobold (D:7)
  6 bullfrogs
  A gnoll sergeant (D:7)
  8 scorpions
  A water moccasin skeleton (D:4)
  10 killer bees
  13 wights
  3 howler monkeys
  6 lava snakes (Volcano)
  3 crimson imps
  A bullfrog zombie (D:11)
  3 hounds
  A quasit (D:11)
  3 centaur zombies
  3 jellies
  6 orc priests
  4 iguanas
  A bullfrog skeleton (D:12)
  12 orc wizards
  6 worker ants
  2 hound zombies
  13 mummies (Ossuary)
  16 gnolls
  13 adders
  3 shadow imps (D:5)
  3 oozes
  An adder zombie (D:5)
  An adder skeleton (D:7)
  2 worms
  3 dart slugs
  4 leopard geckos
  26 orcs
  A ball python (D:2)
  3 giant cockroaches
  9 goblins
  11 hobgoblins
  6 jackals
  10 kobolds
  5 quokkas
  13 bats
  9 frilled lizards
  A goblin skeleton (Ossuary)
  5 kobold skeletons (Ossuary)
  A leopard gecko skeleton (D:4)
  2 orc skeletons (Ossuary)
  13 rats
  11 rat skeletons (Ossuary)
  3 fungi (D:4)
369 creatures vanquished.

Vanquished Creatures (others)
  A sky beast (D:6)
  3 gnolls (D:4)
  An orc (D:4)
  3 withered plants (D:10)
8 creatures vanquished.

Grand Total: 377 creatures vanquished

Notes
Turn   | Place    | Note
-------+----------+-------------------------------------------
     0 | D:1      | HallandMoats the Vine Stalker Fighter began the quest for the Orb.
     0 | D:1      | Reached XP level 1. HP: 11/11 MP: 2/2
    68 | D:1      | Reached XP level 2. HP: 14/16 MP: 3/3
   127 | D:1      | Reached skill level 3 in Fighting
   148 | D:1      | Reached XP level 3. HP: 13/20 MP: 2/5
   397 | D:1      | Reached skill level 1 in Spellcasting
   713 | D:2      | Gained mutation: Your natural rate of healing is unusually fast. [Vine Stalker growth]
   713 | D:2      | Reached XP level 4. HP: 18/24 MP: 6/6
  1083 | D:2      | Reached skill level 1 in Dodging
  1083 | D:2      | Reached XP level 5. HP: 13/28 MP: 5/8
  1703 | D:3      | Found a faded altar of an unknown god.
  1933 | D:3      | Reached XP level 6. HP: 33/33 MP: 9/9
  2215 | D:3      | You fall through a shaft for 3 floors!
  2310 | D:6      | Reached skill level 4 in Fighting
  2409 | D:6      | Noticed a sky beast
  2435 | D:6      | Killed a sky beast
  2441 | D:6      | Reached XP level 7. HP: 16/37 MP: 6/11
  2478 | D:5      | Entered Level 5 of the Dungeon
  2951 | D:4      | Noticed Grinder
  2954 | D:4      | Paralysed by Grinder for 6 turns
  2964 | D:4      | Paralysed by Grinder for 3 turns
  2979 | D:4      | Gained mutation: You have razor-sharp teeth. [Vine Stalker growth]
  2979 | D:4      | Reached XP level 8. HP: 35/42 MP: 13/13
  2989 | D:4      | Killed Grinder
  2989 | D:4      | Reached skill level 5 in Fighting
  3191 | D:4      | Reached skill level 5 in Axes
  3345 | D:4      | Noticed Pikel
  3353 | D:4      | Killed Pikel
  3353 | D:4      | Reached skill level 6 in Fighting
  3353 | D:4      | Reached XP level 9. HP: 42/48 MP: 14/16
  3645 | D:4      | Found the +7 Singing Sword
  4012 | D:5      | Found a staircase to the Ecumenical Temple.
  4106 | Temple   | Entered the Ecumenical Temple
  4301 | Temple   | Became a worshipper of Qazlal Stormbringer
  4548 | D:5      | Reached skill level 1 in Long Blades
  4554 | D:5      | Reached skill level 1 in Invocations
  5367 | D:7      | Reached * piety under Qazlal
  5385 | D:7      | Found a sand-covered staircase.
  5393 | Ossuary  | Entered an ossuary
  5596 | Ossuary  | Reached ** piety under Qazlal
  5749 | D:7      | Noticed a centaur warrior
  5756 | D:7      | Killed a centaur warrior
  5756 | D:7      | Reached skill level 7 in Fighting
  5756 | D:7      | Reached skill level 5 in Armour
  5756 | D:7      | Reached XP level 10. HP: 43/55 MP: 11/18
  5991 | D:7      | Reached skill level 5 in Spellcasting
  6513 | D:8      | Noticed Maurice
  6519 | D:8      | Killed Maurice
  6762 | D:8      | Noticed Psyche
  6768 | D:8      | Killed Psyche
  7145 | D:8      | Reached *** piety under Qazlal
  7650 | D:9      | Reached skill level 5 in Invocations
  7654 | D:9      | Reached skill level 8 in Fighting
  7687 | D:9      | Found a staircase to the Orcish Mines.
  7696 | D:9      | Found a blossoming altar of Fedhas.
  7898 | D:9      | Reached XP level 11. HP: 60/60 MP: 20/20
  7995 | D:10     | Entered Level 10 of the Dungeon
  7998 | D:10     | Noticed a death yak
  8003 | D:10     | Noticed a death yak
  8008 | D:10     | Noticed a death yak
  8013 | D:10     | Killed a death yak
  8013 | D:10     | Reached skill level 5 in Long Blades
  8020 | D:10     | Killed a death yak
  8022 | D:10     | Killed a death yak
  8077 | D:10     | Noticed a brown ugly thing
  8086 | D:10     | Killed a brown ugly thing
  8164 | D:10     | Found a transporter.
  8170 | D:10     | Noticed an ogre mage
  8171 | D:10     | Noticed an orc sorcerer
  8177 | D:10     | Noticed Erica
  8182 | D:10     | Killed Erica
  8182 | D:10     | Reached skill level 5 in Dodging
  8400 | D:10     | Found a staircase to the Lair.
  8616 | D:10     | Found a runed gate.
  8617 | D:10     | Found a runed gate.
  8618 | D:10     | Found a runed gate.
  8619 | D:10     | Noticed Hobbes's ghost (journeyman DrFE)
  8620 | D:10     | Noticed Delanovic's ghost (journeyman HaHu)
  9059 | D:10     | Killed Delanovic's ghost
  9067 | D:10     | Killed Hobbes's ghost
  9183 | D:11     | Identified the Disquisition on Lethal Self-Improvement
  9185 | D:11     | Reached **** piety under Qazlal
  9219 | D:11     | Reached skill level 9 in Fighting
  9239 | D:11     | Noticed a two-headed ogre
  9245 | D:11     | Noticed a cyclops
  9247 | D:11     | Killed a two-headed ogre
  9247 | D:11     | Gained mutation: You heal very quickly. [Vine Stalker growth]
  9247 | D:11     | Reached XP level 12. HP: 55/66 MP: 18/22
 10265 | D:12     | Noticed Snorg
 10275 | D:12     | Killed Snorg
 10829 | D:12     | Noticed a catoblepas
 10836 | D:12     | Killed a catoblepas
 11088 | Lair:1   | Entered Level 1 of the Lair of Beasts
 11110 | Lair:1   | Noticed a seven-headed hydra
 11113 | Lair:1   | Noticed a five-headed hydra
 11121 | Lair:1   | Noticed Harold
 11123 | Lair:1   | Reached skill level 10 in Fighting
 11126 | Lair:1   | Killed a seven-headed hydra
 11132 | Lair:1   | Found a dark tunnel.
 11135 | Volcano  | Entered a volcano
 11185 | Volcano  | Reached XP level 13. HP: 70/72 MP: 25/25
 11307 | Volcano  | Found a radiant altar of Vehumet.
 11320 | Volcano  | Killed from afar by a molten gargoyle

Skill      XL: |  1  2  3  4  5  6  7  8  9 10 11 12 13 |
---------------+----------------------------------------+-----
Axes           | 2 3 4 5 6 |  6.1
Fighting       | 3 4 6 7 8 9 10 | 10.2
Spellcasting   | 1 2 3 4 5 6 7 |  7.5
Dodging        | 1 2 3 4 5 6 |  6.2
Armour         | 3 4 5 6 7 |  7.0
Long Blades    | 3 4 6 7 8 |  8.0
Invocations    | 3 5 6 8 |  8.7
Shields        | |  2.6

Action                   |  1- 3 |  4- 6 |  7- 9 | 10-12 | 13-15 || total
-------------------------+-------+-------+-------+-------+-------++-------
Melee: War axe           |    81 |    73 |       |       |       ||   154
       Bite              |    17 |    50 |   101 |   161 |    10 ||   339
       Short sword       |       |    71 |   173 |       |       ||   244
       Double sword      |       |       |   111 |   355 |    34 ||   500
Invok: Upheaval          |       |       |       |     2 |       ||     2
  Use: Scroll            |       |     3 |     4 |    12 |       ||    19
       Potion            |       |     1 |       |     1 |       ||     2
  Eat: Chunk             |       |     5 |    10 |    20 |       ||    35
       Ration            |       |       |       |       |     2 ||     2
Armor: Scale mail        |    56 |    38 |       |       |       ||    94
       Plate armour      |       |    86 |   233 |   203 |       ||   522
       Troll leather arm |       |       |       |    74 |    22 ||    96
Dodge: Dodged            |    64 |    64 |    88 |   223 |    47 ||   486
       Deflected         |       |       |       |     4 |    10 ||    14
Block: Other             |       |       |     7 |   104 |    14 ||   125
       Rpst.: Double sword |       |       |    14 |    68 |    12 ||    94
